AoeStats
← Tegernseer1847

Black Forest

507368895Analyzed
4v4 RM · 16d ago on Sep 17, 2026· 63m 16s· 8 players
Game mode
Random Map
Map size
Large (8 player)
Population
200
Speed
Normal
Resources
Standard
Victory
Conquest
Starting age
Dark Age
Ending age
Imperial Age
RankedLock teamsTeams togetherTeam positionsShared explorationLock speedFull tech treeHidden civsTurbo modeCheats
Victory
Defeat
🇨🇱 Mapuche · Chile
864
+3
🇺🇸 Portuguese · United States
845
+3
🇦🇺 Malians · Australia
671
+7
🇺🇸 Khmer · United States
635
+9
🇪🇨 Turks · Ecuador
558
-7
🇨🇦 Persians · Canada
530
-7
🇩🇪 Khmer · Germany
399
-4
🇺🇸 Celts · United States
382
-4
Tegernseer1847
0:28 Loom
13:00 Feudal Age
14:24 Wheelbarrow
13:46 Double-Bit Axe
15:28 Horse Collar
23:30 Castle Age
26:13 Heavy Plow
26:10 Gold Mining
26:10 Stone Mining
27:36 Husbandry
26:58 Light Cavalry
28:11 Bow Saw
28:40 Stone Shaft Mining
28:41 Gold Shaft Mining
29:29 Scale Barding Armor
29:25 Scale Mail Armor
29:37 Forging
29:46 Hand Cart
30:02 Caravan
32:33 Bloodlines
38:17 Imperial Age
37:59 Guard Tower
39:38 Hussar
41:02 Fortified Wall
42:24 Keep
45:13 Heavy Scorpion
47:52 Double Crossbow
48:18 Conscription
jairfrancomf3092
11:46 Feudal Age
22:01 Castle Age
20:13 Horse Collar
20:21 Double-Bit Axe
21:29 Gold Mining
21:30 Stone Mining
23:12 Heavy Plow
29:48 Wheelbarrow
32:24 Hand Cart
36:13 Imperial Age
37:47 Elite War Elephant
43:42 Gold Shaft Mining
43:45 Stone Shaft Mining
60:38 Conscription
Apexius
1:18 Loom
12:07 Feudal Age
12:32 Double-Bit Axe
13:25 Wheelbarrow
12:44 Stone Mining
12:58 Horse Collar
15:34 Gold Mining
23:02 Castle Age
22:59 Forging
22:40 Fletching
23:56 Heavy Plow
24:09 Bow Saw
25:06 Stone Shaft Mining
24:45 Fervor
27:07 Gold Shaft Mining
26:53 Bodkin Arrow
28:46 Sanctity
29:52 Hand Cart
30:46 Stronghold
37:06 Imperial Age
38:32 Hoardings
38:35 Scale Mail Armor
39:11 Iron Casting
38:42 Scale Barding Armor
38:37 Padded Archer Armor
39:55 Fortified Wall
40:06 Ballistics
40:48 Chemistry
39:43 Murder Holes
39:50 Cavalier
41:55 Blast Furnace
41:25 Masonry
40:57 Treadmill Crane
41:43 Conscription
42:33 Chain Barding Armor
44:09 Paladin
45:07 Chain Mail Armor
45:08 Leather Archer Armor
47:21 Furor Celtica
48:29 Pikeman
49:43 Onager
60:59 Guilds
Mytsogun
0:42 Loom
14:31 Feudal Age
15:24 Double-Bit Axe
17:04 Wheelbarrow
17:42 Horse Collar
20:09 Stone Mining
25:50 Castle Age
23:56 Fletching
27:54 Hand Cart
27:42 Heavy Plow
28:16 Bodkin Arrow
28:28 Gold Mining
29:44 Guard Tower
30:25 Fortified Wall
31:29 Gold Shaft Mining
31:39 Ballistics
32:37 Bow Saw
38:18 Imperial Age
37:08 Padded Archer Armor
37:20 Forging
37:10 Scale Mail Armor
36:36 Man-at-Arms
37:18 Squires
37:03 Arson
38:06 Leather Archer Armor
39:38 Keep
39:24 Bombard Tower
41:02 Two-Man Saw
40:43 Bracer
41:55 Artillery
41:53 Murder Holes
42:57 Ring Archer Armor
43:35 Elite Janissary
44:39 Conscription
47:42 Iron Casting
47:23 Chain Mail Armor
HumberV
12:24 Feudal Age
13:42 Wheelbarrow
14:00 Horse Collar
14:35 Double-Bit Axe
17:52 Gold Mining
17:53 Stone Mining
23:22 Castle Age
25:13 Gold Shaft Mining
25:15 Stone Shaft Mining
25:38 Coinage
25:08 Caravan
26:43 Hand Cart
28:57 Bow Saw
32:53 Imperial Age
34:52 Banking
35:09 Bloodlines
34:20 Light Cavalry
35:38 Double Crossbow
36:10 Heavy Scorpion
37:46 Hussar
38:37 Heavy Plow
40:12 Elite Ballista Elephant
42:23 Ballistics
44:19 Tusk Swords
45:09 Onager
ChumaPrime
10:31 Feudal Age
11:43 Horse Collar
11:51 Double-Bit Axe
19:30 Castle Age
18:06 Horse Collar
21:58 Wheelbarrow
24:49 Heavy Plow
24:45 Gold Mining
26:11 Loom
27:51 Bow Saw
31:33 Imperial Age
32:06 Gold Shaft Mining
31:43 Caravan
33:20 Arson
34:38 Chemistry
33:59 Ballistics
33:47 Stone Mining
34:40 Hand Cart
34:59 Crop Rotation
34:48 Masonry
35:45 Elite Bolas Rider
39:59 Forging
39:49 Scale Mail Armor
39:40 Fletching
39:50 Padded Archer Armor
41:03 Stone Shaft Mining
42:15 Town Watch
42:36 Bodkin Arrow
42:56 Leather Archer Armor
43:17 Iron Casting
42:57 Chain Mail Armor
43:59 Elite Kona
44:39 Malon
44:45 Butalmapu
49:36 Blast Furnace
49:07 Ring Archer Armor
49:07 Plate Mail Armor
49:11 Architecture
48:47 Siege Engineers
58:33 Elite Skirmisher
61:05 Capped Ram
simple5966
11:33 Feudal Age
12:48 Double-Bit Axe
15:55 Loom
19:22 Castle Age
20:07 Wheelbarrow
28:17 Imperial Age
26:33 Fletching
27:02 Pikeman
27:40 Town Watch
30:06 Chemistry
29:33 Hand Cart
31:36 Pikeman
33:38 Bow Saw
35:33 Forging
35:25 Scale Mail Armor
35:20 Bodkin Arrow
36:09 Arquebus
37:18 Halberdier
40:32 Siege Engineers
42:46 Ballistics
42:28 Bracer
43:00 Scale Barding Armor
43:32 Iron Casting
42:59 Caravan
44:04 Bloodlines
45:38 Cavalier
60:12 Elite Organ Gun
rich_jess
0:36 Loom
17:34 Feudal Age
18:23 Double-Bit Axe
18:22 Horse Collar
18:36 Gold Mining
21:51 Stone Mining
27:31 Castle Age
27:12 Man-at-Arms
27:39 Arson
28:53 Bow Saw
30:56 Caravan
31:49 Long Swordsman
32:31 Squires
32:25 Town Watch
38:15 Wheelbarrow
39:06 Heavy Plow
39:41 Hand Cart
41:26 Gold Shaft Mining
41:28 Stone Shaft Mining
41:07 Forging
40:58 Scale Mail Armor
41:04 Scale Barding Armor
40:50 Fletching
41:02 Padded Archer Armor
41:12 Town Patrol
41:01 Pikeman
41:07 Crossbowman
41:52 Thumb Ring
41:09 Elite Skirmisher
42:08 Tigui
45:40 Imperial Age
44:47 Leather Archer Armor
44:28 Bodkin Arrow
45:10 Iron Casting
44:50 Chain Mail Armor
44:21 Treadmill Crane
44:53 Fortified Wall
44:53 Murder Holes
45:11 Masonry
45:30 Ballistics
46:56 Conscription
48:11 Chemistry
46:44 Two-Handed Swordsman
47:00 Capped Ram
47:24 Onager
47:50 Arbalester
48:35 Champion
50:02 Farimba
49:28 Elite Gbeto
50:58 Siege Onager
53:27 Architecture
53:31 Plate Mail Armor
53:33 Ring Archer Armor
Connection lost

Rejoining the realm…

Still unreachable

The connection could not be restored.

Session expired

The server has moved on; the page needs a fresh start.